 Dungeon Crawl Stone Soup version 0.23.2 (webtiles) character file.

Game seed: 2181149439126454246

57 GreaterElenko the Sneak (level 3, -9/15 HPs)
             Began as a Felid Earth Elementalist on Apr 11, 2019.
             Killed from afar by Natasha (10 damage)
             ... with a magic dart
             ... on level 2 of the Dungeon.
             The game lasted 00:01:42 (1183 turns).

GreaterElenko the Sneak (Felid Earth Elementalist)  Turns: 1183, Time: 00:01:42

Health: -9/15      AC:  1    Str:  4    XL:     3   Next: 73%
Magic:  0/7        EV: 18    Int: 17    God:
Gold:   72         SH:  0    Dex: 16    Spells: 2/6 levels left
                                        Lives:  0   Deaths: 0

rFire    . . .     SeeInvis +   (weapon unavailable)
rCold    . . .     Gourm    .   (shield unavailable)
rNeg     . . .     Faith    .   (armour unavailable)
rPois    .         Spirit   .   (helmet unavailable)
rElec    .         Reflect  .   (cloak unavailable)
rCorr    .         Harm     .   (gloves unavailable)
MR       .....                  (boots unavailable)
Stlth    +++.......             (no amulet)
HPRegen  0.05/turn              (no ring)
MPRegen  0.10/turn              (no ring)

@: quick
A: very small, no armour, no weapons or thrown items, stealth, claws 1, fangs 3,
see invisible, carnivore, speed 1, shaggy fur 1, slow metabolism 1, sharp paws
a: no special abilities


You were on level 2 of the Dungeon.
You were completely stuffed.

You visited 1 branch of the dungeon, and saw 2 of its levels.

You collected 72 gold pieces.

Inventory:

Missiles
 b - 55 stones
Scrolls
 a - 2 scrolls of enchant armour {unknown}
 c - a scroll of magic mapping {unknown}
 d - a scroll of amnesia {unknown}
 g - a scroll of identify {unknown}
 i - a scroll of teleportation {unknown}
Potions
 f - a potion of curing {unknown}
 j - a potion of lignification {unknown}
Comestibles
 e - 4 rations {!d}
 h - 6 chunks of flesh


   Skills:
 + Level 1.0 Fighting
 + Level 3.3 Dodging
 + Level 3.5 Stealth
 + Level 2.3 Spellcasting
 * Level 0.1 Conjurations
   Level 1.1 Transmutations
 * Level 3.3 Earth Magic


You had 2 spell levels left.
You knew the following spells:

 Your Spells              Type           Power        Failure   Level  Hunger
a - Sandblast             Erth           ##....       4%          1    #......
x - Stone Arrow           Conj/Erth      #.....       28%         3    ###....

Your spell library contained the following spells:

 Spells                   Type           Power        Failure   Level  Hunger
 Passwall                 Tmut/Erth      #.......     12%         2    ###....
 Petrify                  Tmut/Erth      #.......     58%         4    #####..
 Lee's Rapid Deconstruct  Erth           ##........   80%         5    ######.


Dungeon Overview and Level Annotations

Branches:
Dungeon (2/15)

Altars:

Annotations:
D:2 Natasha


Innate Abilities, Weirdness & Mutations

You cannot wear armour.
You are incapable of wielding weapons or throwing items.
Your paws allow you to move quietly. (Stealth)
You have sharp claws.
You have razor-sharp teeth.
You have supernaturally acute eyesight. (SInv)
You are carnivorous and can eat meat at any time.
You cover ground quickly.
You are covered in fur. (AC +1)
You have a slow metabolism.
Your sharp claws are effective at attacking unaware monsters.


Message History

You see here an adder skeleton. x2
A bat comes into view.
The bat moves out of view.
a - 2 scrolls labeled ELETOT JENIST (gained 1) Natasha, Servant of Life and Death comes into view.
An adder comes into view.
Found a scroll labeled WUUXYI HUDOITI.
Aim: an adder (resting)
The blast of sand hits the adder.
The adder hisses angrily.
b - 61 stones
Aim: an adder (heavily wounded)
The blast of sand hits the adder!
You kill the adder!
b - 60 stones The bat completely misses you.
Aim: a bat The blast of sand misses the bat.
b - 59 stones The bat closely misses you.
Aim: a bat The blast of sand hits the bat!
You kill the bat!
b - 58 stones
Aim: Natasha The blast of sand hits Natasha but does no damage.
b - 57 stones Natasha closely misses you.
Aim: Natasha The blast of sand misses Natasha.
b - 56 stones Natasha claws you!
Ouch! That really hurt!
* * * LOW HITPOINT WARNING * * *
Aim: Natasha The blast of sand misses Natasha.
b - 55 stones Natasha claws you.
* * * LOW HITPOINT WARNING * * *
You closely miss Natasha.
Natasha mumbles some strange words.
Unknown command.
You aren't carrying any items that you can evoke.
Unknown command.
Unknown command.
You scratch Natasha but do no damage.
Natasha stares at you and mumbles some strange words.
The magic dart hits you!
Ouch! That really hurt!
You die...

############
#..........
?........
.......
5.... †..
#h# #@# #.#
##### #.#
.(... ###.##
#### #>...#
# #....# ##
#....## ##.
###..÷# #..
###)# #.#


You could see an iron imp and Natasha.

Vanquished Creatures
  3 adders (D:2)
  A worm (D:2)
  A dart slug (D:2)
  A leopard gecko (D:1)
  4 bats (D:2)
  4 goblins
  5 hobgoblins
  A quokka (D:2)
  2 frilled lizards (D:1)
  A kobold (D:1)
  2 rats
25 creatures vanquished.

Vanquished Creatures (others)
  4 toadstools (D:1)
4 creatures vanquished.

Grand Total: 29 creatures vanquished

Notes
Turn   | Place    | Note
-------+----------+-------------------------------------------
     0 | D:1      | GreaterElenko the Felid Earth Elementalist began the quest
                  | for the Orb.
     0 | D:1      | Reached XP level 1. HP: 7/7 MP: 4/4
   579 | D:1      | Reached XP level 2. HP: 11/11 MP: 6/6
  1066 | D:2      | Reached XP level 3. HP: 10/15 MP: 4/7
  1128 | D:2      | Reached skill level 1 in Fighting
  1133 | D:2      | Learned a level 3 spell: Stone Arrow
  1172 | D:2      | Noticed Natasha
  1183 | D:2      | Killed from afar by Natasha

Skill      XL: |  1  2  3 |
---------------+----------+-----
Earth Magic    | 3 |  3.3
Dodging        | 3 |  3.3
Stealth        | 3 |  3.5
Fighting       | 1 |  1.0
Spellcasting   | |  2.3
Conjurations   | |  0.1
Transmutations | |  1.1

Action                   || total
-------------------------++-------
Melee: Unarmed           ||    51
 Cast: Sandblast         ||    17
 Stab: Sleeping          ||    13
  Eat: Chunk             ||     8
Armor: Skin              ||     3
Dodge: Dodged            ||    42
